AoeStats
← oscarugoster

MegaRandom

509430436Analyzed
3v3 RM · 6d ago on Sep 26, 2026· 49m 54s· 6 players
Game mode
Random Map
Map size
Normal (6 player)
Population
200
Speed
Normal
Resources
Standard
Victory
Conquest
Starting age
Dark Age
Ending age
Imperial Age
RankedLock teamsTeams togetherTeam positionsShared explorationLock speedFull tech treeHidden civsTurbo modeCheats
Victory
Defeat
🇦🇹 Turks · Austria
832
+13
🇺🇾 Byzantines · Uruguay
825
+13
🇨🇭 Burgundians · Switzerland
790
+15
🇨🇴 Goths · Colombia
795
-14
🇨🇴 Celts · Colombia
771
-14
🇨🇴 Tatars · Colombia
741
-13
pektas6161
0:42 Loom
12:03 Feudal Age
12:40 Double-Bit Axe
12:37 Horse Collar
22:41 Castle Age
22:31 Stone Mining
22:35 Gold Mining
25:30 Scale Barding Armor
26:49 Chain Barding Armor
27:05 Bow Saw
27:23 Heavy Plow
29:33 Gold Shaft Mining
35:42 Imperial Age
35:28 Padded Archer Armor
35:19 Fletching
36:33 Leather Archer Armor
37:28 Two-Man Saw
37:36 Artillery
38:53 Elite Janissary
39:55 Conscription
40:14 Plate Barding Armor
45:16 Caravan
46:58 Bloodlines
SirEscara19
12:25 Feudal Age
12:35 Loom
13:41 Wheelbarrow
12:52 Loom
12:57 Double-Bit Axe
13:16 Horse Collar
19:23 Castle Age
22:14 Bow Saw
25:05 Pikeman
26:53 Gold Mining
26:53 Stone Mining
28:29 Treadmill Crane
28:45 Murder Holes
31:28 Fortified Wall
31:39 Ballistics
31:32 Fortified Wall
36:27 Imperial Age
35:53 Hand Cart
35:59 Heavy Plow
37:35 Conscription
38:22 Gold Shaft Mining
45:33 Chemistry
44:56 Conscription
47:12 Padded Archer Armor
47:02 Fletching
48:03 Caravan
Spieler32626386
0:48 Loom
1:39 Wheelbarrow
7:12 Double-Bit Axe
14:04 Feudal Age
12:59 Horse Collar
15:02 Hand Cart
14:50 Heavy Plow
15:03 Bow Saw
18:36 Gold Mining
20:23 Gold Shaft Mining
22:45 Castle Age
21:01 Stone Mining
24:01 Crop Rotation
24:35 Two-Man Saw
25:50 Caravan
31:50 Imperial Age
29:08 Treadmill Crane
29:53 Ballistics
29:55 Town Watch
31:18 Fortified Wall
31:19 Masonry
31:18 Scale Barding Armor
32:21 Chain Barding Armor
31:23 Cavalier
32:04 Husbandry
33:01 Conscription
33:43 Plate Barding Armor
33:59 Forging
33:43 Fletching
33:43 Paladin
35:49 Iron Casting
35:50 Fletching
37:26 Chemistry
38:15 Blast Furnace
38:41 Bodkin Arrow
39:56 Bracer
40:29 Architecture
45:50 Scale Mail Armor
45:51 Padded Archer Armor
45:48 Murder Holes
45:39 Arrowslits
46:15 Bombard Tower
49:35 Hoardings
48:31 Sappers
gabrielnaranjo567
7:12 Loom
11:55 Feudal Age
17:32 Castle Age
15:43 Double-Bit Axe
17:18 Stone Mining
17:22 Gold Mining
17:36 Horse Collar
18:05 Arson
35:16 Imperial Age
33:18 Pikeman
35:56 Stone Shaft Mining
35:57 Gold Shaft Mining
37:05 Wheelbarrow
41:16 Capped Ram
44:10 Elite Skirmisher
46:02 Forging
45:52 Light Cavalry
46:42 Cavalier
47:24 Husbandry
46:59 Halberdier
SebasOcampo72
6:46 Loom
11:51 Feudal Age
15:29 Double-Bit Axe
16:18 Fletching
22:19 Castle Age
24:29 Bow Saw
25:37 Bodkin Arrow
30:14 Wheelbarrow
37:50 Hand Cart
41:47 Imperial Age
oscarugoster
8:31 Loom
11:42 Feudal Age
13:06 Wheelbarrow
12:14 Horse Collar
13:20 Double-Bit Axe
14:57 Town Watch
17:45 Fishing Lines
20:31 Castle Age
19:04 Scale Mail Armor
19:14 Forging
18:58 Gold Mining
19:44 Stone Mining
19:51 Fletching
21:27 Hand Cart
21:25 Bow Saw
21:18 Heavy Plow
24:33 Stone Shaft Mining
26:34 Gillnets
28:07 Chain Mail Armor
28:49 Anarchy
29:23 Squires
31:38 Iron Casting
37:37 Imperial Age
35:12 Bodkin Arrow
36:52 Caravan
38:34 Perfusion
38:11 Pikeman
39:02 Elite Huskarl
40:03 Conscription
40:12 Conscription
40:26 Halberdier
Connection lost

Rejoining the realm…

Still unreachable

The connection could not be restored.

Session expired

The server has moved on; the page needs a fresh start.